AoeStats
← old f1sh

Arena

510358069Analyzed
4v4 RM · 19h ago on Sep 30, 2026· 66m 0s· 8 players
Game mode
Random Map
Map size
Large (8 player)
Population
200
Speed
Normal
Resources
Standard
Victory
Conquest
Starting age
Dark Age
Ending age
Imperial Age
RankedLock teamsTeams togetherTeam positionsShared explorationLock speedFull tech treeHidden civsTurbo modeCheats
Victory
Defeat
🇫🇷 Sicilians · France
1424
+13
🇩🇪 Danes · Germany
1358
+16
🇪🇸 Teutons · Spain
1341
+16
🇵🇹 Lithuanians · Portugal
1335
+17
🇨🇳 Muisca · China
1405
-19
🇨🇳 Varangians · China
1375
-16
🇨🇳 Cumans · China
1348
-15
🇩🇪 Persians · Germany
1270
-12
Ryzeres
10:24 Feudal Age
10:29 Feudal Age
8:45 Loom
8:52 Loom
14:59 Castle Age
13:16 Double-Bit Axe
14:24 Stone Mining
16:41 Horse Collar
21:37 Scale Mail Armor
22:50 Arson
23:40 Squires
26:50 Fletching
27:24 Murder Holes
31:25 Masonry
33:11 Gold Mining
35:12 Wheelbarrow
34:36 Town Watch
37:56 Imperial Age
36:21 Chain Mail Armor
36:55 Bow Saw
37:31 Coinage
37:25 Hand Cart
36:38 Pikeman
38:00 Forging
38:09 Onager
39:16 Conscription
39:06 Halberdier
40:26 Plate Mail Armor
41:35 Siege Onager
42:02 Hamask
42:17 Northmen's Fury
43:35 Banking
43:16 Gambesons
43:41 Heavy Plow
43:17 Elite Varangian Guard
49:59 Siege Engineers
52:27 Iron Casting
52:17 Devotion
53:58 Caravan
55:30 Blast Furnace
57:08 Hoardings
56:58 Ballistics
56:25 Arrowslits
57:44 Chemistry
59:50 Gold Shaft Mining
59:52 Stone Shaft Mining
Svodoo
10:53 Feudal Age
12:51 Double-Bit Axe
15:39 Castle Age
13:33 Horse Collar
17:36 Bow Saw
21:54 Wheelbarrow
21:05 Loom
22:45 Heavy Plow
28:05 Imperial Age
25:53 Hand Cart
25:36 Gold Mining
25:57 Scale Barding Armor
26:21 Bloodlines
26:12 Husbandry
27:25 Forging
27:41 Chain Barding Armor
28:08 Cavalier
29:52 Plate Barding Armor
29:53 Iron Casting
29:12 Pikeman
29:52 Squires
29:57 Scale Mail Armor
30:29 Halberdier
32:05 Hauberk
32:22 Conscription
33:19 Blast Furnace
33:31 Chain Mail Armor
35:42 Plate Mail Armor
40:02 Arson
Combi | Papin
10:14 Feudal Age
13:50 Castle Age
12:01 Double-Bit Axe
12:42 Horse Collar
14:53 Bow Saw
19:26 Loom
20:19 Heavy Plow
22:27 Wheelbarrow
22:29 Town Watch
23:36 Stone Mining
24:42 Hand Cart
26:47 Gold Mining
29:43 Imperial Age
27:22 Scale Barding Armor
27:41 Town Patrol
27:52 Forging
29:06 Chain Barding Armor
29:18 Fortified Wall
29:46 Fervor
31:04 Plate Barding Armor
32:01 Chemistry
32:15 Iron Casting
32:08 Elite Leitis
33:31 Conscription
33:56 Bloodlines
34:29 Husbandry
35:07 Masonry
38:30 Capped Ram
46:39 Hill Forts
46:30 Fletching
46:40 Padded Archer Armor
50:54 Scale Mail Armor
51:09 Leather Archer Armor
50:50 Bodkin Arrow
51:27 Architecture
50:37 Treadmill Crane
57:01 Chain Mail Armor
57:16 Ring Archer Armor
58:45 Light Cavalry
59:44 Winged Hussar
61:33 Ring Archer Armor
61:03 Bracer
61:35 Crop Rotation
Grimbel
11:12 Feudal Age
11:47 Double-Bit Axe
15:18 Castle Age
13:02 Horse Collar
13:41 Gold Mining
16:31 Bow Saw
16:52 Heavy Plow
17:19 Loom
18:35 Fletching
22:46 Scale Mail Armor
23:04 Squires
23:44 Chain Mail Armor
25:57 Ironclad
26:23 Forging
26:01 Arson
27:43 Iron Casting
27:04 Bodkin Arrow
27:49 Wheelbarrow
27:00 Town Watch
30:23 Hand Cart
34:58 Imperial Age
33:41 Fortified Wall
33:27 Pikeman
35:04 Ballistics
34:56 Masonry
36:42 Halberdier
41:46 Plate Mail Armor
42:53 Conscription
45:14 Blast Furnace
50:36 Chemistry
53:14 Caravan
57:12 Chemistry
Ace
11:11 Feudal Age
12:02 Double-Bit Axe
14:43 Castle Age
12:29 Horse Collar
14:28 Wheelbarrow
16:43 Bow Saw
21:10 Heavy Plow
23:08 Gold Mining
23:40 Hand Cart
27:42 Imperial Age
25:53 Scale Barding Armor
25:59 Forging
25:48 Stone Mining
27:17 Chain Barding Armor
27:28 Loom
27:28 Town Watch
28:19 Iron Casting
28:53 Murder Holes
29:17 Bloodlines
29:08 Husbandry
30:07 Conscription
29:07 Elite War Elephant
31:17 Gold Shaft Mining
31:51 Two-Man Saw
33:30 Plate Barding Armor
35:48 Blast Furnace
37:35 Guilds
38:01 Crop Rotation
40:38 Fletching
42:16 Bodkin Arrow
51:22 Kamandaran
51:03 Crossbowman
52:13 Padded Archer Armor
55:13 Leather Archer Armor
old f1sh
10:48 Feudal Age
11:59 Double-Bit Axe
14:28 Castle Age
12:49 Horse Collar
16:06 Bow Saw
22:04 Wheelbarrow
21:35 Fletching
22:19 Heavy Plow
23:23 Gold Mining
24:38 Hand Cart
24:47 Hand Cart
27:25 Imperial Age
25:20 Bodkin Arrow
27:34 Ballistics
27:16 Padded Archer Armor
28:37 Bracer
29:38 Chemistry
29:13 Loom
33:02 Block Printing
34:11 Two-Man Saw
33:47 Gold Shaft Mining
33:03 Stone Mining
33:50 Fervor
34:42 Illumination
37:20 Leather Archer Armor
41:48 Redemption
46:03 Theocracy
45:16 Capped Ram
46:30 Sanctity
涅槃重生
10:24 Feudal Age
14:42 Castle Age
13:21 Stone Mining
13:44 Double-Bit Axe
16:38 Loom
24:02 Gold Mining
24:35 Scale Barding Armor
30:46 Imperial Age
29:05 Horse Collar
30:24 Wheelbarrow
30:41 Chain Barding Armor
30:32 Forging
31:18 Bow Saw
31:18 Gambesons
31:34 Squires
31:20 Arson
31:38 Scale Mail Armor
32:53 Iron Casting
34:06 Chain Mail Armor
36:02 Blast Furnace
36:51 Plate Mail Armor
37:37 Conscription
37:35 Gothikon
38:41 Caravan
38:41 Elite Varangian Guard
42:39 Capped Ram
43:46 Capped Ram
47:01 Hand Cart
48:48 Siege Ram
V我50%匡扶汉室
8:50 Feudal Age
9:43 Horse Collar
9:50 Double-Bit Axe
16:05 Wheelbarrow
16:16 Wheelbarrow
16:50 Gold Mining
22:51 Castle Age
21:04 Scale Barding Armor
21:09 Forging
23:14 Bloodlines
26:10 Chain Barding Armor
25:52 Capped Ram
30:50 Iron Casting
34:06 Imperial Age
35:45 Elite Steppe Lancer
37:18 Pikeman
37:58 Squires
37:44 Arson
38:06 Halberdier
39:49 Plate Barding Armor
40:26 Blast Furnace
40:05 Light Cavalry
42:38 Scale Mail Armor
44:08 Bow Saw
44:01 Heavy Plow
44:39 Gold Shaft Mining
45:22 Hussar
47:02 Chain Mail Armor
Connection lost

Rejoining the realm…

Still unreachable

The connection could not be restored.

Session expired

The server has moved on; the page needs a fresh start.